 Dungeon Crawl Stone Soup version 0.23.2-40-g277498a001 (webtiles) character file.

Game seed: 12385773822574953133

345 glorgkhan the Chopper (level 6, -15/56 HPs)
             Began as a Hill Orc Berserker on Sept 4, 2019.
             Was a Priest of Trog.
             Demolished by an ogre
             ... wielding a +0 giant spiked club
              (25 damage)
             ... on level 4 of the Dungeon.
             The game lasted 00:09:45 (4016 turns).

glorgkhan the Chopper (Hill Orc Berserker)          Turns: 4016, Time: 00:09:46

Health: -15/56     AC: 10    Str: 22    XL:     6   Next: 58%
Magic:  6/6        EV:  8    Int:  7    God:    Trog [***...]
Gold:   139        SH:  0    Dex: 10    Spells: 5/5 levels left

rFire    . . .     SeeInvis .   a - +1 hand axe
rCold    . . .     Gourm    .   (no shield)
rNeg     . . .     Faith    .   r - +0 chain mail
rPois    .         Spirit   .   (no helmet)
rElec    .         Reflect  .   (no cloak)
rCorr    .         Harm     .   (no gloves)
MR       .....                  g - +0 pair of boots (curse)
Stlth    ..........             (no amulet)
HPRegen  0.18/turn              (no ring)
MPRegen  0.10/turn              (no ring)

@: no status effects
A: no striking features
a: Berserk, Trog's Hand, Renounce Religion


You were on level 4 of the Dungeon.
You worshipped Trog.
Trog was most pleased with you.
You were not hungry.

You visited 1 branch of the dungeon, and saw 4 of its levels.
You also visited: Sewer.

You collected 139 gold pieces.

Inventory:

Hand Weapons
 a - a +1 hand axe (weapon)
Missiles
 e - 42 stones (quivered)
 f - 25 sling bullets
Armour
 g - a cursed +0 pair of boots (worn)
 r - a +0 chain mail (worn)
Scrolls
 b - 2 scrolls of magic mapping
 d - 2 scrolls of teleportation
 i - 3 scrolls of fear
 p - a scroll of blinking
Potions
 j - 3 potions of curing
 l - a potion of might
 m - a potion of heal wounds
 n - a potion of brilliance
 o - a potion of magic {unknown}
Comestibles
 c - 5 rations
 h - 3 chunks of flesh


   Skills:
 + Level 5.6 Fighting
 * Level 7.2 Axes
 + Level 3.7 Armour
 - Level 1.5 Dodging


You had 5 spell levels left.
You didn't know any spells.
Your spell library was empty.

Dungeon Overview and Level Annotations

Branches:
Dungeon (4/15)
 Temple: D:4-7

Altars:

Annotations:
D:4 XoMute's ghost, amateur MiBe


Message History

The ogre is lightly wounded.
You slash the ogre!
The ogre is heavily wounded.
The ogre hits you with a +0 giant spiked club.
You barely miss the ogre.
The ogre is heavily wounded.
The ogre hits you with a +0 giant spiked club!
You hit the ogre.
The ogre is severely wounded.
The ogre hits you with a +0 giant spiked club.
Your chain mail prevents you from hitting the ogre.
The ogre is severely wounded.
You barely miss the ogre.
The ogre is severely wounded.
The ogre hits you with a +0 giant spiked club!
* * * LOW HITPOINT WARNING * * *
You hit the ogre.
The ogre is severely wounded.
The ogre hits you with a +0 giant spiked club!!
You die...

.... #.# #..# .#.##.#
#..# ...##.# #..##
#.<##.# ##...## #..##.#
#.....# #..##.# #######
##....###..##.# #[.....
#.....##..##.#####.####.
#.....O@...........####.
#.....############......
##...## ######. ##.## #.
#.# #. #.# #. #.# ## #.#
#.#


You could see an ogre.

Vanquished Creatures
  An ogre (D:4)
  A worker ant (D:4)
  3 gnolls
  11 adders
  3 oozes
  3 worms (D:3)
  3 dart slugs
  3 leopard geckos
  An orc (D:3)
  4 ball pythons
  3 giant cockroaches
  4 goblins
  6 hobgoblins
  6 jackals (D:1)
  3 quokkas (D:3)
  6 bats
  11 frilled lizards
  7 kobolds
  16 rats
95 creatures vanquished.

Notes
Turn   | Place    | Note
-------+----------+-------------------------------------------
     0 | D:1      | glorgkhan the Hill Orc Berserker began the quest for the
                  | Orb.
     0 | D:1      | Reached XP level 1. HP: 19/19 MP: 1/1
   155 | D:1      | Reached XP level 2. HP: 19/27 MP: 2/2
   590 | D:1      | Reached XP level 3. HP: 29/34 MP: 3/3
   766 | D:1      | Reached ** piety under Trog
   766 | D:1      | Reached skill level 5 in Axes
  1141 | D:2      | Reached XP level 4. HP: 24/41 MP: 4/4
  1410 | D:2      | Found a faded altar of an unknown god.
  2019 | D:2      | Reached skill level 5 in Fighting
  2019 | D:2      | Reached XP level 5. HP: 18/48 MP: 5/5
  2240 | D:3      | Reached skill level 6 in Axes
  2550 | D:3      | Found a glowing drain.
  2555 | Sewer    | Entered a sewer
  2615 | Sewer    | Reached *** piety under Trog
  3286 | D:3      | You fall through a shaft!
  3315 | D:4      | Noticed an ogre
  3328 | D:4      | Killed an ogre
  3328 | D:4      | Reached XP level 6. HP: 56/56 MP: 6/6
  3400 | D:4      | Noticed XoMute's ghost (amateur MiBe)
  3400 | D:4      | Noticed an ice beast
  3401 | D:4      | Noticed an ice beast
  3464 | D:3      | Reached skill level 7 in Axes
  4016 | D:4      | Demolished by an ogre

Skill      XL: |  1  2  3  4  5  6 |
---------------+-------------------+-----
Fighting       | 4 5 |  5.6
Axes           | 5 6 7 |  7.2
Armour         | 3 |  3.7
Dodging        | |  1.5

Action                   |  1- 3 |  4- 6 || total
-------------------------+-------+-------++-------
Melee: Hand axe          |   110 |   230 ||   340
Invok: Berserk           |       |     2 ||     2
  Use: Scroll            |       |    11 ||    11
  Eat: Chunk             |       |    12 ||    12
Armor: Leather armour    |    23 |       ||    23
       Animal skin       |     1 |       ||     1
       Scale mail        |    16 |    66 ||    82
       Chain mail        |       |    33 ||    33
Dodge: Dodged            |    70 |   104 ||   174
